 Dungeon Crawl Stone Soup version 0.17-a0-1909-g0b14330 (webtiles) character file.

4 DecibelRebel the Sneak (level 1, -2/13 HPs)
             Began as a Vampire Enchanter on Sept 25, 2015.
             Was an Initiate of Ashenzari.
             Slain by a goblin
             ... wielding a +0 dagger
              (4 damage)
             ... on level 1 of the Dungeon.
             The game lasted 00:01:57 (235 turns).

DecibelRebel the Sneak (Vampire Enchanter)           Turns: 235, Time: 00:01:57

Health: -2/13      AC:  3    Str:  7    XL:     1   Next: 50%
Magic:  2/3        EV: 12    Int: 17    God:    Ashenzari [......]
Gold:   24         SH:  0    Dex: 14    Spells: 1 memorised, 3 levels left

rFire  . . .     SeeInvis +     a - +1 dagger
rCold  . . .     Clarity  .     b - +1 robe
rNeg   + . .     SustAt   .     (no shield)
rPois  .         Gourm    .     (no helmet)
rElec  .         Spirit   .     (no cloak)
rCorr  .         Warding  .     (no gloves)
rMut   .         Stasis   .     (no boots)
MR     .....                    (no amulet)
Stlth  +++.......               (no ring)
                                (no ring)

@: not resistant to hostile enchantments, fairly stealthy
A: fangs 3, see invisible, unbreathing
a: Renounce Religion


You were on level 1 of the Dungeon.
You worshipped Ashenzari.
Ashenzari was noncommittal.
You were not thirsty.

You visited 1 branch of the dungeon, and saw 1 of its levels.

You collected 24 gold pieces.

Inventory:

Hand weapons
 a - a +1 dagger (weapon)
Armour
 b - a +1 robe (worn)
Scrolls
 f - a scroll of fog {unknown}
 g - 2 scrolls of remove curse
Potions
 d - 4 potions of blood
 e - 3 potions of curing {unknown}
Books
 c - a book of Maledictions

   Spells                             Type                      Level
   a - Corona                         Hexes                        1
   b - Ensorcelled Hibernation        Hexes/Ice                    2
   c - Confuse                        Hexes                        3
   d - Tukima's Dance                 Hexes                        3
   e - Dazzling Spray                 Conjuration/Hexes            3


   Skills:
 * Level 1.3 Short Blades
 - Level 2.1 Dodging
 * Level 4.6 Stealth
 - Level 2.0 Spellcasting
 + Level 4.4 Hexes


You had 3 spell levels left.
You knew the following spells:

 Your Spells              Type           Power        Failure   Level  Hunger
a - Corona                Hex            ###....      3%          1    #......


Dungeon Overview and Level Annotations

Branches:
Dungeon (1/15)

Altars:
Ashenzari


Innate Abilities, Weirdness & Mutations

You have razor-sharp teeth.
You have supernaturally acute eyesight.
You can survive without breathing.


Message History

Aiming: Corona
Press: ? - help, Shift-Dir - straight line, f - hobgoblin
Aim: a hobgoblin, wielding a club (chance to defeat MR: 85%)
The hobgoblin is outlined in light.
You completely miss the hobgoblin. The hobgoblin hits you with a club.
You barely miss the hobgoblin. The goblin hits you with a dagger.
* * * LOW HITPOINT WARNING * * *
The hobgoblin completely misses you.
You barely miss the hobgoblin. The goblin hits you with a dagger.
* * * LOW HITPOINT WARNING * * *
The hobgoblin hits you but does no damage.
You hit the hobgoblin but do no damage. The goblin hits you but does no damage.
The hobgoblin barely misses you.
You hit the hobgoblin.
The hobgoblin is lightly wounded.
The goblin hits you but does no damage.
You hit the hobgoblin.
The hobgoblin is heavily wounded.
The hobgoblin barely misses you. The goblin hits you with a dagger.
You die...

##+##### #.# #......# #.
#.# . #......# # #.# #.#
#### ..#####......### #.#.#
#.# #... ...............#
#.#.###.# #...
..........#....####.......#
#...
.......)gg#...K#..........#
#...
.........K#..gg#..........#
#...
.........g####g@..........#
#... ##.....$..#
#..........#.# #...
#........#
#..........#.###...
#........#
#..........#.......
#........#
#..........#.......
..........#
#..(.......#.......
..........#
#..........#.......
..........#
#..........#.......
##########...#.....


You could see a hobgoblin, 2 goblins and a kobold.

Vanquished Creatures
  A bat (D:1)
  A giant gecko (D:1)
  A kobold (D:1)
  3 rats (D:1)
6 creatures vanquished.

Notes
Turn   | Place    | Note
--------------------------------------------------------------
     0 | D:1      | DecibelRebel the Vampire Enchanter began the quest for the Orb.
     0 | D:1      | Reached XP level 1. HP: 13/13 MP: 3/3
    61 | D:1      | Found a shattered altar of Ashenzari.
    95 | D:1      | Became a worshipper of Ashenzari the Shackled
   235 | D:1      | Slain by a goblin

Vault maps used:
D:1:      minmay_arrival_wavy_path, ashenzari_altar_1

Action                   || total
-------------------------++-------
Melee: Dagger            ||    24
 Cast: Corona            ||     1
 Stab: Sleeping          ||     2
